 Dungeon Crawl Stone Soup version 0.28-a0-563-gf77a47075d (webtiles) character file.

Game seed: 15277466009092402744

462081 robertstho the Conqueror (level 23, -1/219 (240) HPs)
             Began as a Minotaur Berserker on Sept 29, 2021.
             Was the Champion of Trog.
             Killed from afar by a hell knight (2 damage)
             ... with a bolt of fire
             ... on level 1 of the Depths on Sept 30, 2021.
             The game lasted 01:40:58 (58947 turns).

robertstho the Conqueror (Minotaur Berserker)      Turns: 58947, Time: 01:40:59

HP:   -1/219 (240)  AC: 39    Str: 32    XL:     23   Next: 9%
MP:   22/22         EV: 17    Int:  7    God:    Trog [******]
Gold: 2247          SH: 20    Dex: 15    Spells: 22/22 levels left

rFire   + + +      SeeInvis .   y - +8 war axe "Sinwaemp" {vorpal, rF+ Will+}
rCold   . . .      Faith    .   e - +0 kite shield of Charity {Fly}
rNeg    . . .      Spirit   .   j - +11 plate armour of Pyxtuc {Harm rElec Str+4 Slay+3}
rPois   +          Reflect  +   (helmet restricted)
rElec   +          Harm     +   w - +0 cloak
rCorr   .          Rampage  .   t - +2 pair of gloves of Teuth {rPois}
Will    +++++                   (no boots)
Stlth   ..........              x - amulet of reflection
HPRegen 1.46/turn               E - ring "Ijeur" {rF+ EV+4 Dex+2}
MPRegen 0.18/turn               X - ring of Tyoh Xer {Drain rPois rF+ Will+ Int+2}

@: about to teleport, strong-willed, on berserk cooldown, flying, regenerating,
slowed, studying Dodging, drained, very slow
A: horns 2, retaliatory headbutt
}: 3/15 runes: decaying, silver, gossamer
a: Renounce Religion, Berserk, Trog's Hand, Brothers in Arms


You were on level 1 of the Depths.
You worshipped Trog.
Trog was exalted by your worship.
You visited 8 branches of the dungeon, and saw 40 of its levels.
You visited the Abyss 1 time.
You also visited: Gauntlet.

You collected 6529 gold pieces.
You spent 4282 gold pieces at shops.

Inventory:

Hand Weapons
 y - the +8 war axe "Sinwaemp" (weapon) {vorpal, rF+ Will+}
   (Trog gifted it to you on level 4 of the Vaults)

   It inflicts extra damage upon your enemies.
   rF:        It protects you from fire.
   Will:      It increases your willpower.
 A - a +6 vorpal battleaxe
Armour
 e - the +0 kite shield of Charity (worn) {Fly}
   (You bought it in a shop on level 7 of the Dungeon)

   Fly:       It grants you flight.
 j - the +11 plate armour of Pyxtuc (worn) {Harm rElec Str+4 Slay+3}
   (You bought it in a shop on level 3 of the Vaults)

   Str:       It affects your strength (+4).
   Slay:      It affects your accuracy & damage with ranged weapons and melee
   (+3).
   rElec:     It insulates you from electricity.
   Harm:      It increases damage dealt and taken.
 t - the +2 pair of gloves of Teuth (worn) {rPois}
   (You found it on level 7 of the Dungeon)

   rPois:     It protects you from poison.
 w - a +0 cloak (worn)
Jewellery
 d - a +4 ring of protection
 f - a ring of flight
 i - a ring of see invisible
 o - a ring of willpower
 x - an amulet of reflection (around neck)
 z - the ring "Yfro" {+Blink Int+2 Dex+6}
   (You found it on level 5 of the Vaults)

   [ring of dexterity]

   Int:       It affects your intelligence (+2).
   Dex:       It affects your dexterity (+6).
   +Blink:    It lets you blink.
 E - the ring "Ijeur" (left hand) {rF+ EV+4 Dex+2}
   (You found it on level 15 of the Dungeon)

   [ring of evasion]

   EV:        It affects your evasion (+4).
   Dex:       It affects your dexterity (+2).
   rF:        It protects you from fire.
 I - the ring of the Demon Prince {rC+ rCorr Str-2 Int+5 Dex+6}
   (You acquired it on level 6 of the Lair of Beasts)

   [ring of dexterity]

   Str:       It affects your strength (-2).
   Int:       It affects your intelligence (+5).
   Dex:       It affects your dexterity (+6).
   rC:        It protects you from cold.
   rCorr:     It protects you from acid and corrosion.
 S - a ring of protection from cold
 X - the ring of Tyoh Xer (right hand) {Drain rPois rF+ Will+ Int+2}
   (You found it on level 6 of the Lair of Beasts)

   [ring of willpower]

   Int:       It affects your intelligence (+2).
   rF:        It protects you from fire.
   rPois:     It protects you from poison.
   Drain:     It drains your maximum health when unequipped.
   Will:      It increases your willpower.
Wands
 m - a wand of iceblast (46)
 R - a wand of mindburst (34)
 U - a wand of acid (28)
 V - a wand of charming (7)
 Y - a wand of digging (12)
Scrolls
 a - 29 scrolls of identify
 c - 5 scrolls of fear
 h - 15 scrolls of teleportation
 p - 9 scrolls of enchant armour
 q - 6 scrolls of holy word
 s - 9 scrolls of immolation
 B - 3 scrolls of magic mapping
 C - 5 scrolls of brand weapon
 G - 2 scrolls of blinking
 H - 7 scrolls of fog
 N - 5 scrolls of enchant weapon
 Q - 4 scrolls of silence
Potions
 b - 19 potions of curing
 g - 4 potions of haste
 k - 4 potions of mutation
 l - 7 potions of heal wounds
 n - 6 potions of invisibility
 u - 7 potions of might
 v - 14 potions of ambrosia
 D - 2 potions of cancellation
 F - 4 potions of resistance
Miscellaneous
 K - a tin of tremorstones (2/2)
 M - a lightning rod (4/4)
 O - a condenser vane
 P - a phantom mirror


   Skills:
 O Level 27 Fighting
 + Level 1.3 Long Blades
 + Level 26.6 Axes
 * Level 26.6 Armour
 + Level 7.9 Dodging
 + Level 3.3 Stealth
 + Level 19.5 Shields
 + Level 2.1 Evocations


You had 22 spell levels left.
You didn't know any spells.
Your spell library was empty.

Dungeon Overview and Level Annotations

Branches:
Dungeon (15/15)            Temple (0/1) D:5            Lair (6/6) D:8
  Swamp (4/4) Lair:3       Spider (4/4) Lair:4        Slime (0/5) Lair:5
    Orc (2/2) D:10            Elf (3/3) Orc:2        Vaults (5/5) D:13
  Crypt (0/3) Vaults:3     Depths (1/4) D:15        Gauntlet (visited)

Altars:
Ashenzari
Cheibriados
Dithmenos
Elyvilon
Kikubaaqudgha
Makhleb
Nemelex Xobeh
Qazlal
Ru
Uskayaw
Vehumet
Wu Jian
Yredelemnul
Zin
The Shining One
Beogh

Shops:
D:7 [   D:9 *=?[!   D:13 !*   Orc:2 (*[=?   Elf:2 =   Elf:3 !   Vaults:2 ?
Vaults:3 *   Vaults:4 (   Depths:1 *

Portals:
Trove: Elf:3 (give +2 gold dragon scales)


Innate Abilities, Weirdness & Mutations

You have a pair of horns on your head.
You reflexively headbutt those who attack you in melee.


Message History

Unknown command.
You slash the hell knight!
You headbutt the hell knight, but do no damage.
The hell knight is moderately wounded.
The hell knight mumbles some strange words.
The hell knight seems to speed up.
You block the hell knight's attack.
The crystal guardian fires a crystalline bolt at you.
The crystal bolt misses you.
You hit the hell knight.
The hell knight is moderately wounded.
The hell knight hits you from afar with a +0 halberd of draining.
* * * LOW HITPOINT WARNING * * *
You feel drained.
* * * LOW HITPOINT WARNING * * *
You block the hell knight's attack.
The crystal guardian fires a crystalline bolt at you.
The crystal bolt misses you.
The hell knight hits you from afar with a +0 halberd of draining!
* * * LOW HITPOINT WARNING * * *
You feel drained.
* * * LOW HITPOINT WARNING * * *
As you read the scroll of teleportation, it crumbles to dust.
You feel strangely unstable. You block the hell knight's attack.
The necromancer gestures wildly while chanting.
The necromancer flickers and vanishes!
Deactivating autopickup; reactivate with Ctrl-A.
The hell knight hits you from afar with a +0 halberd of draining!!
* * * LOW HITPOINT WARNING * * *
You feel drained.
* * * LOW HITPOINT WARNING * * *
The crystal guardian glitters, brittle, in the dim dungeon light.
The crystal guardian fires a crystalline bolt at you.
The crystal bolt freezes you!
* * * LOW HITPOINT WARNING * * *
The hell knight hits you with a +5 vorpal broad axe!
* * * LOW HITPOINT WARNING * * *
x2 You hear some strange, mumbled words.
The hell knight points at you and mumbles some strange words.
The bolt of fire hits you. You resist.
You die...

+.#.#ยง#.#.+ #.#.#.#^#
#.#)#9# #. ..#)#(#..#
####### ###.#}.##.##.=#
......# ...#####[#####
......#.# #..###.[[....#
......#.# #..#).[....#.#
......#.# #..#p@...#.#
....#.#.# #.#)..###.#
###)#.#.# #{p##.#.#.#
#<)[#.#.# ##.#.###.# #
#####.#.# #..#.....###
......#.# #.u#.......#.#
#######.####..###..)....#
####..........#####'########
....................[...^...


You could see 2 hell knights and a crystal guardian.

Vanquished Creatures
  A juggernaut (Depths:1)
  Sojobo (Depths:1)
  Bai Suzhen (Vaults:5)
  Frederick (Vaults:5)
  Margery (Vaults:4)
  A golden dragon (Vaults:5)
  the Enchantress (Depths:1)
  Rupert (D:13)
  3 tentacled monstrosities
  3 liches
  Asterion (Spider:2)
  3 deep elf master archers (Elf:3)
  4 deep elf blademasters (Elf:3)
  3 titans (Vaults:5)
  A quicksilver dragon (Vaults:5)
  A thorn hunter (Swamp:1)
  2 sphinxes
  Agnes (D:15)
  4 shadow dragons (Vaults:5)
  3 storm dragons
  7 tengu reavers
  7 fire giants
  Donald (Elf:3)
  4 frost giants
  4 deep elf sorcerers
  A ghost moth (shapeshifter) (Vaults:5)
  Aizul (Elf:1)
  2 iron dragons
  2 ghost moths
  18 vault wardens
  3 spriggan defenders (Depths:1)
  3 emperor scorpions
  4 deep elf elementalists (Elf:3)
  14 very ugly things
  2 war gargoyles
  21 ironbound preservers
  4 stone giants
  A vampire knight (Depths:1)
  5 deep elf demonologists
  9 bunyips
  6 entropy weavers
  A lorocyproca (Abyss:3)
  Azrael (D:15)
  A minotaur (Gauntlet)
  11 dire elephants
  5 deep elf annihilators
  6 spark wasps
  7 ettins
  2 crystal guardians
  5 deep elf death magi
  An eleionoma (Swamp:1)
  A green death (Gauntlet)
  Josephine (Orc:1)
  2 great orbs of eyes
  3 shambling mangroves
  19 yaktaur captains
  4 deep elf high priests
  7 ironbound thunderhulks
  A fire dragon (Depths:1)
  32 vault guards
  A hell beast (Gauntlet)
  A hydra (shapeshifter) (Elf:3)
  2 ogre magi (Vaults:5)
  2 spriggan air magi (Depths:1)
  A boulder beetle (shapeshifter) (Vaults:5)
  2 ice dragons (Elf:1)
  13 boulder beetles
  2 ghost crabs
  3 peacekeepers
  4 death knights
  25 hydras
  5 ironbound frosthearts
  3 catoblepae
  Erica (D:9)
  2 tengu warriors (Depths:1)
  7 two-headed ogres
  29 dancing weapons
  15 centaur warriors
  10 alligators
  3 spriggan berserkers (Depths:1)
  14 death yaks
  2 deep troll earth magi (Vaults:5)
  2 orc high priests
  4 thrashing horrors (Abyss:3)
  2 deep troll shamans (Depths:1)
  Urug (D:13)
  19 deep elf knights
  13 spriggans
  12 hell knights
  4 skeletal warriors (D:15)
  2 shadow wraiths
  A fire crab (shapeshifter) (Vaults:5)
  3 goliath frogs
  A death drake (Swamp:3)
  2 spriggan druids
  2 glowing orange brains
  53 deep trolls
  16 deep elf archers
  4 necromancers
  8 swamp dragons
  12 wizards
  10 ironbound convokers
  10 harpies (Vaults:2)
  10 lindwurms
  5 phantasmal warriors (Vaults:5)
  22 deep elf zephyrmancers
  4 bog bodies
  26 deep elf pyromancers
  20 wolf spiders
  A fire giant zombie (Vaults:3)
  7 orb spiders
  4 orc knights (Orc:2)
  26 elephants
  7 orc sorcerers
  35 ugly things
  6 cyclopes
  3 will-o-the-wisps (Swamp:3)
  4 manticores
  2 large abominations (Abyss:3)
  An elephant (shapeshifter) (Vaults:5)
  6 black mambas
  2 moths of wrath
  A worldbinder (Abyss:3)
  An orange demon (Gauntlet)
  17 vault sentinels
  4 torpor snails
  11 cane toads
  A smoke demon (Abyss:3)
  A cane toad (shapeshifter) (Vaults:5)
  A gargoyle (D:13)
  An unseen horror (D:12)
  A rime drake (Lair:5)
  3 freezing wraiths
  56 yaktaurs
  2 efreet
  12 komodo dragons
  3 tengu conjurers
  An ancient zyme (Abyss:3)
  26 jumping spiders
  2 meliai (Lair:5)
  11 demonic crawlers
  A troll (shapeshifter) (Elf:2)
  4 trolls
  2 polar bears
  A jumping spider (shapeshifter) (Vaults:5)
  5 tyrant leeches
  10 hornets
  Prince Ribbit (D:9)
  4 blink frogs (Lair:4)
  A meliai zombie (D:11)
  A dream sheep (shapeshifter) (Vaults:5)
  27 slime creatures
  5 raiju (Abyss:3)
  4 dream sheep (Lair:4)
  An air elemental (Elf:3)
  6 centaur simulacra
  29 tarantellas
  76 redbacks
  A spriggan (shapeshifter) (D:13)
  10 wraiths
  2 water elementals (Elf:1)
  35 yaks
  An ettin skeleton (Vaults:3)
  8 wyverns
  A vampire (D:13)
  2 basilisks (Lair:6)
  15 humans (D:13)
  Grum (D:8)
  A chaos spawn (Abyss:3)
  9 fire elementals
  6 vampire mosquitoes
  2 steam dragons
  3 small abominations (Abyss:3)
  21 swamp worms
  2 wargs (Orc:2)
  An acid dragon (D:11)
  24 water moccasins
  3 hell hounds
  20 orc warriors
  3 ice beasts (D:6)
  A sky beast (D:7)
  6 swamp drakes
  8 ogres
  4 boggarts (Vaults:3)
  A necrophage (D:7)
  3 black bears
  39 wolves
  11 centaurs
  A human zombie (Vaults:3)
  13 bullfrogs
  2 kobold brigands
  Blork the orc (D:6)
  3 earth elementals
  A wyvern zombie (D:9)
  7 scorpions
  A water moccasin skeleton (D:5)
  21 killer bees
  7 wights
  6 electric eels
  4 howler monkeys
  2 centaur skeletons
  A crimson imp (Abyss:3)
  A wyvern simulacrum (Gauntlet)
  2 bullfrog zombies
  6 centaur zombies
  4 hounds
  Crazy Yiuf (D:6)
  A quasit (Abyss:3)
  18 orc priests
  A gnoll shaman (D:5)
  Jessica (D:3)
  3 iguanas
  24 orc wizards
  A statue (D:10)
  2 howler monkey zombies
  Robin (D:3)
  A howler monkey skeleton (D:7)
  3 gnolls
  3 adders
  A shadow imp (D:7)
  2 white imps
  An adder skeleton (D:4)
  3 worms
  3 dart slugs
  93 orcs
  6 bats
  6 endoplasms
  4 giant cockroaches
  15 hobgoblins
  15 kobolds
  7 quokkas
  2 ball pythons
  3 frilled lizards
  16 goblins
  3 rats
  5 briar patches (Swamp:1)
  2 bushes (Lair:3)
  A butterfly (Lair:6)
1693 creatures vanquished.

Vanquished Creatures (collateral kills)
  Jorgrun (Swamp:3)
  A fire giant (Vaults:5)
  An orc warlord (Orc:2)
  A tengu reaver (Vaults:5)
  2 deep elf sorcerers (Elf:3)
  A ghost moth (Spider:4)
  4 emperor scorpions (Spider:4)
  3 deep elf annihilators (Elf:3)
  3 deep elf death magi (Elf:3)
  An eleionoma (Swamp:3)
  A boulder beetle (Lair:5)
  2 hydras
  A two-headed ogre (D:10)
  A catoblepas (Lair:6)
  A tengu warrior (D:15)
  A dancing weapon (Elf:1)
  2 deep elf knights (Elf:3)
  A skeletal warrior (D:15)
  3 hell knights (Depths:1)
  A spriggan druid (Swamp:4)
  A swamp dragon (Swamp:4)
  A deep elf archer (Elf:1)
  2 deep elf zephyrmancers (Elf:3)
  3 orb spiders
  3 deep elf pyromancers
  2 will-o-the-wisps (Swamp:3)
  A wolf spider (Spider:4)
  2 demonic crawlers
  A meliai (Lair:5)
  A queen bee (Lair:5)
  A hornet (Spider:3)
  2 tyrant leeches (Swamp:3)
  5 redbacks (Spider:4)
  A tarantella (Spider:4)
  A shadow (D:10)
  A human (D:13)
  A basilisk (Lair:5)
  2 vampire mosquitoes (Swamp:3)
  2 swamp drakes
  4 orc warriors
  2 killer bees (Lair:5)
  A centaur zombie (D:10)
  An orc priest (Orc:2)
  An orc (Orc:2)
74 creatures vanquished.

Vanquished Creatures (others)
  A hydra (Swamp:4)
  A wizard (Vaults:1)
  2 deep elf pyromancers
  4 bloated husks
  A water elemental (Elf:1)
  2 hobgoblins (D:6)
  A briar patch (Swamp:1)
  A bush (Lair:3)
  14 demonic plants (Gauntlet)
  19 foxfires (Swamp:3)
  29 fungi
  71 plants
  11 toadstools (Lair:3)
157 creatures vanquished.

Grand Total: 1924 creatures vanquished

Notes
Turn   | Place    | Note
-------+----------+-------------------------------------------
     0 | D:1      | robertstho the Minotaur Berserker began the quest for the
                  | Orb.
     0 | D:1      | Reached XP level 1. HP: 19/19 MP: 0/0
   301 | D:1      | Reached skill level 4 in Fighting
   301 | D:1      | Reached XP level 2. HP: 27/27 MP: 1/1
  1068 | D:2      | Reached XP level 3. HP: 33/33 MP: 2/2
  1371 | D:2      | Reached ** piety under Trog
  1879 | D:3      | Found a hide-covered altar of Uskayaw.
  1888 | D:3      | Noticed a centaur
  1897 | D:3      | Killed a centaur
  1898 | D:3      | Reached XP level 4. HP: 41/41 MP: 3/3
  1989 | D:3      | Noticed Jessica
  1998 | D:3      | Killed Jessica
  1999 | D:3      | Reached XP level 5. HP: 47/47 MP: 4/4
  2070 | D:3      | Noticed Robin
  2082 | D:3      | Reached skill level 5 in Axes
  2088 | D:3      | Killed Robin
  2608 | D:3      | Reached skill level 5 in Fighting
  2867 | D:4      | Found a shadowy altar of Dithmenos.
  2870 | D:4      | Reached *** piety under Trog
  2885 | D:4      | Reached skill level 5 in Armour
  2885 | D:4      | Reached XP level 6. HP: 56/56 MP: 5/5
  3327 | D:4      | Reached XP level 7. HP: 21/61 MP: 6/6
  4041 | D:4      | Found a glowing silver altar of Zin.
  4043 | D:4      | Noticed an angel
  4595 | D:5      | Entered Level 5 of the Dungeon
  4609 | D:5      | Identified a scroll of acquirement
  4611 | D:5      | Acquired a manual of Axes
  4623 | D:5      | Reached skill level 6 in Fighting
  4714 | D:5      | Found a staircase to the Ecumenical Temple.
  4719 | D:5      | Reached **** piety under Trog
  4731 | D:5      | Found a snail-covered altar of Cheibriados.
  4881 | D:5      | Reached XP level 8. HP: 61/70 MP: 7/7
  5421 | D:5      | Found a sparkling altar of Nemelex Xobeh.
  5627 | D:5      | Found a stormy altar of Qazlal.
  5632 | D:5      | Reached skill level 7 in Fighting
  6129 | D:6      | Reached XP level 9. HP: 79/79 MP: 8/8
  6139 | D:6      | Reached ***** piety under Trog
  6429 | D:6      | Reached skill level 10 in Axes
  6429 | D:6      | Reached skill level 10 in Armour
  6549 | D:6      | Noticed Blork the orc
  6559 | D:6      | Killed Blork the orc
  6803 | D:6      | Found a runed translucent door.
  6804 | D:6      | Noticed Crazy Yiuf
  6927 | D:6      | Killed Crazy Yiuf
  7027 | D:7      | Reached skill level 8 in Fighting
  7247 | D:7      | Found Toihot's Armour Shoppe.
  7564 | D:7      | Identified the +2 pair of gloves of Teuth {rPois}
  8444 | D:8      | Received a gift from Trog
  8450 | D:8      | Noticed Grum
  8454 | D:8      | Reached XP level 10. HP: 71/90 MP: 9/9
  8455 | D:8      | Reached skill level 9 in Fighting
  8460 | D:8      | Killed Grum
  8682 | D:8      | Identified the +4 war axe of Uncertain Death {vorpal, Will+
                  | Int+2 Dex-3}
  8902 | D:8      | Found a burning altar of Makhleb.
  8981 | D:8      | Found a staircase to the Lair.
  9551 | D:8      | Found a broken altar of Ashenzari.
  9655 | D:9      | Noticed Erica
  9667 | D:9      | Killed Erica
  9668 | D:9      | Reached skill level 10 in Fighting
  9668 | D:9      | Reached skill level 1 in Stealth
  9695 | D:9      | Found Joashun's Jewellery Boutique.
  9745 | D:9      | Found Vilizel's Distillery.
  9760 | D:9      | Bought a potion of cancellation for 104 gold pieces
  9760 | D:9      | Bought a potion of lignification for 39 gold pieces
  9760 | D:9      | Bought a potion of invisibility for 104 gold pieces
  9760 | D:9      | Bought a potion of brilliance for 52 gold pieces
  9793 | D:9      | Noticed a boulder beetle
  9794 | D:9      | Noticed Prince Ribbit
  9807 | D:9      | Killed Prince Ribbit
  9808 | D:9      | Reached skill level 15 in Axes
  9811 | D:9      | Killed a boulder beetle
 10034 | D:9      | Noticed a manticore
 10047 | D:9      | Killed a manticore
 10349 | D:9      | Found Meuczila's Magic Scroll Shoppe.
 10407 | D:9      | Found a white marble altar of Elyvilon.
 10408 | D:9      | Found a sacrificial altar of Ru.
 10418 | D:9      | Found Acomecsu's Assorted Antiques.
 10437 | D:9      | Reached skill level 1 in Evocations
 10479 | D:9      | Reached XP level 11. HP: 101/101 MP: 10/10
 10537 | D:9      | Found Acrustro's Armour Shop.
 10731 | D:9      | Bought a scroll of identify for 26 gold pieces
 10731 | D:9      | Bought a scroll of identify for 26 gold pieces
 10731 | D:9      | Bought a scroll of identify for 26 gold pieces
 10731 | D:9      | Bought a scroll of holy word for 97 gold pieces
 10731 | D:9      | Bought a scroll of identify for 26 gold pieces
 10731 | D:9      | Bought a scroll of identify for 26 gold pieces
 10731 | D:9      | Bought a scroll of noise for 13 gold pieces
 10731 | D:9      | Bought a scroll of summoning for 123 gold pieces
 10731 | D:9      | Bought a scroll of identify for 26 gold pieces
 10792 | D:10     | Entered Level 10 of the Dungeon
 10804 | D:10     | Reached skill level 11 in Fighting
 10845 | D:10     | Noticed a two-headed ogre
 10855 | D:10     | Killed a two-headed ogre
 11008 | D:10     | Found a radiant altar of Vehumet.
 11368 | D:10     | Received a gift from Trog
 11457 | D:10     | Found a staircase to the Orcish Mines.
 11752 | D:11     | Reached skill level 12 in Fighting
 12020 | D:11     | Noticed a two-headed ogre
 12027 | D:11     | Killed a two-headed ogre
 12180 | D:12     | Noticed a boulder beetle
 12204 | D:12     | Killed a boulder beetle
 12828 | D:12     | Noticed a six-headed hydra
 12835 | D:12     | Killed a three-headed hydra
 12908 | D:12     | Noticed a brown ugly thing
 12918 | D:12     | Killed a brown ugly thing
 13048 | D:12     | Noticed a purple ugly thing
 13054 | D:12     | Killed a purple ugly thing
 13055 | D:12     | Reached skill level 13 in Fighting
 13388 | D:13     | Noticed a centaur warrior
 13388 | D:13     | Noticed Rupert
 13388 | D:13     | Noticed Urug
 13388 | D:13     | Found a gate to the Vaults.
 13505 | Orc:1    | Entered Level 1 of the Orcish Mines
 13536 | Orc:1    | Reached XP level 12. HP: 115/115 MP: 11/11
 13624 | Orc:1    | Noticed Josephine
 13636 | Orc:1    | Killed Josephine
 14093 | Orc:2    | Entered Level 2 of the Orcish Mines
 14093 | Orc:2    | Noticed an orc high priest
 14107 | Orc:2    | Killed an orc high priest
 14211 | Orc:2    | Reached skill level 14 in Fighting
 14548 | Orc:2    | Reached skill level 15 in Armour
 14560 | Orc:2    | Noticed an orc warlord
 14571 | Orc:2    | Killed an orc warlord
 14879 | Orc:2    | Found Xyrhaos's Jewellery Boutique.
 14883 | Orc:2    | Found Xatseg's General Store.
 14976 | Orc:2    | Found a staircase to the Elven Halls.
 15001 | Orc:2    | Received a gift from Trog
 15528 | Orc:2    | Found Tirostrom's Antique Weapon Boutique.
 15591 | Orc:2    | Found Dohyku's Antique Armour Boutique.
 15597 | Orc:2    | Bought a pair of dazzling gloves for 266 gold pieces
 15597 | Orc:2    | Identified the +1 pair of gloves "Dakliz" {Dex+4} (You
                  | bought it in a shop on level 2 of the Orcish Mines)
 15639 | Orc:2    | Found Baleohybuts's Magic Scroll Shoppe.
 15645 | Orc:2    | Bought a scroll of identify for 32 gold pieces
 15645 | Orc:2    | Bought a scroll of fear for 56 gold pieces
 15645 | Orc:2    | Bought a scroll of identify for 32 gold pieces
 15645 | Orc:2    | Bought a scroll of identify for 32 gold pieces
 15645 | Orc:2    | Bought a scroll of identify for 32 gold pieces
 15645 | Orc:2    | Bought a scroll of teleportation for 48 gold pieces
 15645 | Orc:2    | Bought a scroll of identify for 32 gold pieces
 15954 | Lair:1   | Entered Level 1 of the Lair of Beasts
 15994 | Lair:1   | Noticed a four-headed hydra
 16002 | Lair:1   | Killed an eight-headed hydra
 16003 | Lair:1   | Reached skill level 15 in Fighting
 16291 | Lair:1   | Reached XP level 13. HP: 125/127 MP: 12/12
 17511 | Lair:2   | Reached skill level 16 in Fighting
 18063 | Lair:3   | Found a staircase to the Swamp.
 18075 | Lair:3   | Received a gift from Trog
 18504 | Lair:3   | Reached skill level 17 in Fighting
 19467 | Lair:3   | Identified the +10 shortbow of Defence by Offence {speed,
                  | rCorr}
 19492 | Lair:3   | Noticed a dire elephant
 19492 | Lair:3   | Noticed a dire elephant
 19514 | Lair:3   | Found a runed translucent door.
 19657 | Lair:3   | Killed a dire elephant
 19658 | Lair:3   | Reached XP level 14. HP: 141/141 MP: 13/13
 20004 | Lair:3   | Identified the +6 triple crossbow of Regicide {flame,
                  | +Blink Stlth+}
 20084 | Lair:4   | Found a hole to the Spider Nest.
 20106 | Lair:4   | You fall into a shaft and drop 2 floors!
 20106 | Lair:6   | Entered Level 6 of the Lair of Beasts
 20107 | Lair:6   | Acquired the ring of the Demon Prince {rC+ rCorr Str-2
                  | Int+5 Dex+6}
 20350 | Lair:6   | Found a gate leading to a gauntlet.
 20356 | Lair:6   | Reached skill level 18 in Fighting
 20364 | Gauntlet | Entered a Gauntlet
 20364 | Gauntlet | Found a transporter.
 20364 | Gauntlet | Found a transporter.
 20389 | Gauntlet | Found a transporter.
 20389 | Gauntlet | Found a transporter.
 20398 | Gauntlet | Found a transporter.
 20419 | Gauntlet | Found a transporter.
 20423 | Gauntlet | Found a large runed translucent door.
 20424 | Gauntlet | Found a large runed translucent door.
 20426 | Gauntlet | Found a runed translucent gate.
 20427 | Gauntlet | Found a transporter.
 20427 | Gauntlet | Found a transporter.
 20427 | Gauntlet | Found a runed translucent gate.
 20428 | Gauntlet | Found a runed translucent gate.
 20430 | Gauntlet | Found a large runed translucent door.
 20431 | Gauntlet | Found a large runed translucent door.
 20443 | Gauntlet | Found a large runed translucent door.
 20443 | Gauntlet | Found a large runed translucent door.
 20444 | Gauntlet | Found a large runed translucent door.
 20444 | Gauntlet | Found a large runed translucent door.
 20451 | Gauntlet | Found a transporter.
 20454 | Gauntlet | Found a large runed translucent door.
 20454 | Gauntlet | Found a large runed translucent door.
 20454 | Gauntlet | Found a runed translucent door.
 20454 | Gauntlet | Found a runed translucent door.
 20455 | Gauntlet | Found a large runed translucent door.
 20456 | Gauntlet | Found a large runed translucent door.
 20458 | Gauntlet | Found a transporter.
 20470 | Gauntlet | Found a transporter.
 20488 | Gauntlet | Found a transporter.
 20534 | Gauntlet | Found a transporter.
 20550 | Gauntlet | Found a transporter.
 20650 | Gauntlet | Found a transporter.
 20675 | Gauntlet | Found a transporter.
 20683 | Gauntlet | Found a large runed translucent door.
 20683 | Gauntlet | Found a large runed translucent door.
 20684 | Gauntlet | Found a large runed translucent door.
 20685 | Gauntlet | Found a large runed translucent door.
 21084 | Gauntlet | Identified the amulet of Baxu {Fragile Will+ Regen+ Str+8
                  | Int+4}
 21266 | Lair:5   | Received a gift from Trog
 21269 | Lair:5   | Reached skill level 1 in Long Blades
 21586 | Lair:5   | Found a staircase to the Slime Pits.
 22272 | Lair:4   | Reached skill level 19 in Fighting
 22337 | Lair:4   | Identified the +0 trident of Doczebb Eqoi {flame, rElec rN+
                  | Str-5 Int+4}
 23427 | Lair:6   | Received a gift from Trog
 23652 | Lair:6   | Reached XP level 15. HP: 134/154 MP: 14/14
 23789 | Lair:6   | Identified the ring of Tyoh Xer {Drain rPois rF+ Will+
                  | Int+2}
 23854 | Lair:6   | Reached skill level 20 in Fighting
 24583 | D:13     | Cast into level 3 of the Abyss (Rupert)
 24730 | Abyss:3  | Noticed a lich
 24740 | Abyss:3  | Killed a lich
 25085 | D:13     | Escaped the Abyss
 25124 | D:13     | Killed Urug
 25313 | D:13     | Killed Rupert
 25598 | D:13     | Found Vucurghun's Assorted Antiques.
 25607 | D:13     | Bought an orange potion for 19 gold pieces
 25842 | D:13     | Found Ekhlonn's Distillery.
 25850 | D:13     | Bought a potion of heal wounds for 55 gold pieces
 25850 | D:13     | Bought a potion of mutation for 88 gold pieces
 26302 | D:14     | Acquired 788 gold pieces
 26618 | D:14     | Reached skill level 21 in Fighting
 26827 | D:14     | Found a glowing golden altar of the Shining One.
 26827 | D:14     | Found a white marble altar of Elyvilon.
 26827 | D:14     | Found a glowing silver altar of Zin.
 27075 | D:15     | Entered Level 15 of the Dungeon
 27125 | D:15     | Noticed Agnes
 27134 | D:15     | Killed Agnes
 27165 | D:15     | Reached XP level 16. HP: 28/167 MP: 15/15
 27474 | D:15     | Found an ornate altar of the Wu Jian Council.
 27790 | D:15     | Noticed Azrael
 27811 | D:15     | Killed Azrael
 27904 | D:15     | Received a gift from Trog
 28140 | D:15     | Found a runed translucent door.
 28287 | D:15     | Found a staircase to the Depths.
 28656 | D:15     | Identified the ring "Ijeur" {rF+ EV+4 Dex+2}
 29069 | Swamp:1  | Entered Level 1 of the Swamp
 29076 | Swamp:1  | Reached skill level 22 in Fighting
 29379 | Swamp:1  | Noticed a thorn hunter
 29399 | Swamp:1  | Killed a thorn hunter
 29770 | Swamp:2  | Reached ****** piety under Trog
 30183 | Swamp:2  | Noticed a tentacled monstrosity
 30192 | Swamp:2  | Killed a tentacled monstrosity
 30366 | D:7      | Bought the +0 kite shield of Charity {Fly} for 176 gold
                  | pieces
 30773 | Swamp:3  | Paralysed by a hornet for 3 turns
 30947 | Swamp:3  | Noticed Jorgrun
 30963 | Swamp:3  | Killed Jorgrun
 30989 | Swamp:3  | Reached XP level 17. HP: 151/178 MP: 16/16
 31067 | Swamp:3  | Reached skill level 23 in Fighting
 31547 | Swamp:3  | Noticed a tentacled monstrosity
 31560 | Swamp:3  | Killed a tentacled monstrosity
 31564 | Swamp:3  | Reached skill level 1 in Shields
 31598 | Swamp:3  | Reached skill level 5 in Dodging
 31874 | Swamp:4  | Entered Level 4 of the Swamp
 32426 | Swamp:4  | Got a decaying rune of Zot
 32777 | Elf:1    | Entered Level 1 of the Elven Halls
 32787 | Elf:1    | Received a gift from Trog
 32836 | Elf:1    | Noticed Aizul
 32847 | Elf:1    | Killed Aizul
 32882 | Elf:1    | Noticed a Brimstone Fiend
 32995 | Elf:1    | Found a runed translucent gate.
 32995 | Elf:1    | Found a runed translucent gate.
 32995 | Elf:1    | Found a runed translucent gate.
 32995 | Elf:1    | Found a runed translucent gate.
 32995 | Elf:1    | Found a runed translucent gate.
 32998 | Elf:1    | Found a runed translucent gate.
 33168 | Elf:1    | Reached skill level 24 in Fighting
 33318 | Elf:1    | Identified the +9 rapier of Faabiqikh {vamp, rN+}
 33585 | Elf:1    | Received a gift from Trog
 34360 | Elf:2    | Reached XP level 18. HP: 192/192 MP: 17/17
 34549 | Elf:2    | Found Fisokhat's Jewellery Shoppe.
 34565 | Elf:2    | Bought an amulet of reflection for 360 gold pieces
 34629 | Elf:2    | Found a huge runed translucent gate.
 34629 | Elf:2    | Found a huge runed translucent gate.
 34629 | Elf:2    | Found a huge runed translucent gate.
 34629 | Elf:2    | Found a huge runed translucent gate.
 34629 | Elf:2    | Found a huge runed translucent gate.
 34817 | Elf:2    | Reached skill level 5 in Shields
 35586 | Elf:3    | Entered Level 3 of the Elven Halls
 35586 | Elf:3    | Found Guiloruf's Distillery.
 35674 | Elf:3    | Bought a potion of curing for 42 gold pieces
 35674 | Elf:3    | Bought a potion of curing for 42 gold pieces
 35674 | Elf:3    | Bought a potion of invisibility for 112 gold pieces
 35674 | Elf:3    | Bought a potion of curing for 42 gold pieces
 35674 | Elf:3    | Bought 2 potions of invisibility for 224 gold pieces
 36116 | Elf:3    | Paralysed by an air elemental for 1 turns
 36143 | Elf:3    | Received a gift from Trog
 37128 | Elf:3    | Noticed Donald
 37137 | Elf:3    | Killed Donald
 37219 | Elf:3    | Reached skill level 25 in Fighting
 37995 | Elf:3    | Found a portal to a secret trove of treasure.
 38092 | Elf:3    | Received a gift from Trog
 39286 | Elf:3    | Identified the +1 ring mail of Prudence {Will+ Int+3}
 39955 | Elf:3    | Identified the +3 scale mail "Uvveif" {rF+}
 40508 | Elf:3    | Reached XP level 19. HP: 202/202 MP: 18/18
 41258 | Spider:1 | Entered Level 1 of the Spider Nest
 42447 | Spider:2 | Noticed Asterion
 42460 | Spider:2 | Killed Asterion
 42746 | Spider:2 | Received a gift from Trog
 42755 | Spider:2 | Identified the +3 chain mail of Claustrophobia {Harm rElec
                  | rC+ Int+2}
 42967 | Spider:2 | You are sucked into a shaft and drop 1 floor!
 43400 | Spider:3 | Reached skill level 26 in Fighting
 44056 | Spider:3 | Identified the +3 whip "Vonwim" {vorpal, *Slow rElec MP-9
                  | SInv}
 44095 | Spider:4 | Entered Level 4 of the Spider Nest
 44307 | Spider:4 | Received a gift from Trog
 44841 | Spider:4 | Reached skill level 10 in Shields
 45210 | Spider:4 | Received a gift from Trog
 45501 | Spider:4 | Got a gossamer rune of Zot
 46593 | Vaults:1 | Entered Level 1 of the Vaults
 46769 | Vaults:1 | Reached XP level 20. HP: 78/215 MP: 19/19
 47219 | Vaults:1 | Identified the ring of Wariness {Wiz rF+}
 47237 | Vaults:1 | Received a gift from Trog
 47853 | Vaults:1 | Reached skill level 27 in Fighting
 49663 | Vaults:2 | Received a gift from Trog
 51720 | Vaults:2 | Found Simow's Magic Scroll Emporium.
 52166 | Vaults:3 | Received a gift from Trog
 52167 | Vaults:3 | Reached XP level 21. HP: 186/224 MP: 20/20
 52553 | Vaults:3 | Reached skill level 15 in Shields
 53089 | Vaults:3 | Found a staircase to the Crypt.
 53089 | Vaults:3 | Found an ancient bone altar of Kikubaaqudgha.
 53089 | Vaults:3 | Found a basalt altar of Yredelemnul.
 53129 | Vaults:3 | Received a gift from Trog
 53198 | Vaults:3 | Found Zel Kuss's General Store.
 53204 | Vaults:3 | Bought the +11 plate armour of Pyxtuc {Harm rElec Str+4
                  | Slay+3} for 1853 gold pieces
 53204 | Vaults:3 | Bought a scroll of teleportation for 51 gold pieces
 53826 | Vaults:4 | Noticed Margery
 53841 | Vaults:4 | Killed Margery
 54100 | Vaults:4 | Found Feezeuli's Antique Weapon Shop.
 54421 | Vaults:4 | Identified the +8 war axe "Sinwaemp" {vorpal, rF+ Will+}
                  | (Trog gifted it to you on level 4 of the Vaults)
 54421 | Vaults:4 | Received a gift from Trog
 55360 | Vaults:5 | Entered Level 5 of the Vaults
 55449 | Vaults:4 | Identified the +8 broad axe "Taer" {flame, rElec Str-5
                  | Stlth+} (Trog gifted it to you on level 4 of the Vaults)
 55449 | Vaults:4 | Received a gift from Trog
 55794 | Vaults:5 | Reached XP level 22. HP: 103/233 MP: 21/21
 56174 | Vaults:5 | Received a gift from Trog
 56183 | Vaults:5 | Noticed Frederick
 56497 | Vaults:5 | Killed Frederick
 56568 | Vaults:5 | Identified the +5 ring mail "Giuptid" {rPois}
 56569 | Vaults:5 | Identified the ring "Yfro" {+Blink Int+2 Dex+6}
 56576 | Vaults:5 | Got a silver rune of Zot
 56578 | Vaults:5 | Identified the amulet "Sesiew" {Spirit Harm MP+9}
 56581 | Vaults:5 | Identified the +2 hand crossbow of False Accusations
                  | {venom, rN++ SInv}
 56597 | Vaults:5 | Noticed Bai Suzhen
 56605 | Vaults:5 | Killed Bai Suzhen
 56809 | Vaults:5 | Identified the +8 falchion of Mourning {vorpal, Str+2}
 57496 | Vaults:5 | Noticed a golden dragon
 57501 | Vaults:5 | Killed a golden dragon
 57516 | Vaults:5 | Received a gift from Trog
 58136 | Vaults:5 | Acquired a manual of Dodging
 58156 | Vaults:5 | Identified the +3 longbow of Circular Logic {flame, rC+}
 58599 | Depths:1 | Entered Level 1 of the Depths
 58605 | Depths:1 | Received a gift from Trog
 58618 | Depths:1 | Noticed the Enchantress
 58663 | Depths:1 | Killed the Enchantress
 58768 | Depths:1 | Found Qyogrino's General Store.
 58847 | Depths:1 | Found the +11 plutonium sword {Contam Stlth-}
 58852 | Depths:1 | Noticed a juggernaut
 58860 | Depths:1 | Killed a juggernaut
 58886 | Depths:1 | Reached XP level 23. HP: 160/240 MP: 22/22
 58890 | Depths:1 | Noticed Sojobo
 58902 | Depths:1 | Killed Sojobo
 58947 | Depths:1 | HP: 3/219 [hell knight (8)]
 58947 | Depths:1 | HP: 1/219 [hell knight (2)]
 58947 | Depths:1 | Killed from afar by a hell knight

Illustrated notes

Levels and vault maps discovered:
D:1:      psy_arrival_whirlpool, layout_loops_corners, grunt_decor_one_mirror
D:2:      layout_basic
D:3:      layout_basic, nicolae_uskayaw_dance_hall, serial_bayou,
          serial_bayou_pond_e, serial_bayou_pond_d, serial_bayou_lagoon_b,
          serial_bayou_ford_a, serial_bayou_crossing, serial_bayou_shore_b,
          minmay_misc_feat_room, uniq_robin, uniq_jessica
D:4:      cheibrodos_quashed, layout_layer_cave,
          nicolae_dithmenos_shadow_blocks, zin_angel
D:5:      layout_loops_ring, cheibriados_altar_1, marbit_many_paths,
          nemelex_dance_club_becter, minmay_temple_entry_gardened_gates
D:6:      layout_rooms, sigmund_army, uniq_blork_the_orc,
          uniq_crazy_yiuf_cottage
D:7:      layout_cave_pods, serial_shops, nicolae_shop_behind_doors,
          kennysheep_generic_room_10
D:8:      layout_gridville, mainiacjoe_overflow_cross_hatched,
          mainiacjoe_overflow_alcove_2, david_lair_shrubbed, uniq_grum
D:9:      layout_cave_pools, chequers_temple_overflow_statue_of_worship,
          serial_shops, nicolae_shop_stone, nicolae_lakefront_shop, shop_coins,
          nicolae_inconvenience_store, kennysheep_mini_moat, uniq_erica,
          uniq_prince_ribbit1
D:10:     layout_rooms, vehumet_statue, hiddenorc1_lemuel
D:11:     layout_basic
D:12:     layout_stronghold
D:13:     four-leaf_vault, layout_cave_pods, david_vaults_3, serial_shops,
          nicolae_shop_trees, nicolae_shop_stone
D:14:     layout_stronghold, good_gods_mini_temple
D:15:     grunt_enter_depths_magical_seal, layout_layer_cave,
          serial_park_avenue1, minmay_st_funbox, nicolae_twisting_strands,
          st_stairs_8, glass_columns_a, pdpol_wu_jian_five_deadly_venoms,
          uniq_azrael, uniq_agnes
Lair:1:   layout_regular_city, grunt_megastairs_3, serial_bayou_shore_a
Lair:2:   layout_cave_shapes, grunt_forest_large_clearings, grunt_megastairs_4,
          lemuel_fruit_fields, lemuel_fruit_tree
Lair:3:   gammafunk_lair_enchanted_lake, layout_regular_city,
          skrybe_swamp_entry_bodies, grunt_forest_large_clearing_hut, uniq_urug
Lair:4:   layout_small_grid, spider_nest_entry_a, chequers_serial_rivers_micro_c
Lair:5:   layout_hall_layers, minmay_slime_entry_oklob_enclosed, special_room
          [special_room_bee], grunt_megastairs_2, serial_bayou_shore_b
Lair:6:   evilmike_catoblepas_cave, layout_cave_pods, gauntlet_entry_generic,
          lemuel_fruit_fields
Swamp:1:  layout_basic_swamp, hangedman_swamp_ruin_wall
Swamp:2:  layout_basic_swamp, nicolae_swamp_oxbows, infiniplex_staircase_pool_2
Swamp:3:  nzn_winding_woodlands_three_and_one
          [nzn_winding_woodlands_5x15_sawtooth,
          nzn_winding_woodlands_5x15_crooked,
          nzn_winding_woodlands_5x15_split_checker,
          nzn_winding_woodlands_center_lodge], layout_basic_swamp,
          evilmike_swamp_ruin_house_5, swamp_pool4, hangedman_swamp_blocks,
          uniq_jorgrun
Swamp:4:  swamp, layout_basic_swamp
Spider:1: layout_spider_delve
Spider:2: layout_spider_delve, hellmonk_watch_for_rolling_rocks, uniq_asterion
Spider:3: layout_spider_delve
Spider:4: grunt_spider_rune_circles
Orc:1:    layout_caves, minmay_orc_temple_a, uniq_josephine
Orc:2:    grunt_orc_cross, layout_caves, serial_shops, nicolae_square_shop
Elf:1:    eino_elf_arrival_sip, layout_geoelf_diagonals, orc_legates,
          nicolae_elf_crossing_hall, uniq_aizul
Elf:2:    elven_hall_of_blades_hangedman_alternative
          [nicolae_blade_entry_hurt_lockers], layout_geoelf_octagon,
          serial_shops, shop, nrook_mini_backslash, lemuel_elevator
Elf:3:    minmay_elf_hall_statues, layout_onion_city,
          nicolae_trove_entry_diagonal, serial_shops, nicolae_square_shop,
          uniq_donald
Vaults:1: hangedman_vaults_stagger, st_smaller_cells, v_pattern_3, v_misc_14,
          ontoclasm_vaults_claustrophobia, v_rooms_5,
          ontoclasm_vaults_misaligned, ontoclasm_vaults_chip,
          vaults_room_door_hall, hangedman_vaults_hat,
          ontoclasm_vaults_ring_square, ontoclasm_vaults_gateway,
          ontoclasm_vaults_misaligned, layout_vaults_maze
Vaults:2: ontoclasm_vaults_spin, nicolae_vaults_network_square, v_misc_10,
          v_misc_33, vaults_dpeg_diagonal, v_misc_27, ontoclasm_vaults_twist,
          vaults_mumra_minichess_inversion, nicolae_vaults_little_squares_1,
          layout_vaults_chaotic_city, serial_shops, shop
Vaults:3: v_misc_19, vaults_room_fours, grunt_vaults_twisty,
          hangedman_vaults_maws, ontoclasm_vaults_idyll,
          nicolae_vaults_angled_halls, minmay_crypt_entry_necro_gods,
          nicolae_vaults_three_branches, vaults_dpeg_ring,
          layout_vaults_omnicross, serial_shops, shop
Vaults:4: v_misc_2, vaults_room_door_hall, grunt_vaults_funnel,
          vaults_mumra_lcd, vaults_room_grunt_arrival_checkpoint,
          vaults_room_corners, v_misc_27, layout_vaults_quadrants, serial_shops,
          nicolae_shop_stone, uniq_margery
Vaults:5: uniq_bai_suzhen, uniq_frederick
Depths:1: layout_basic, abyss_entry_flame_altar, serial_shops,
          nicolae_shop_crystal, xom_teletrap_fun, grunt_hell_entry_dis_mu,
          minmay_the_grid_2x2 [minmay_the_grid_artifice, minmay_the_grid_paths,
          minmay_the_grid_zigzag_pyramid,
          minmay_the_grid_prize_four_corners_diamond_b], uniq_enchantress,
          uniq_sojobo, uniq_saint_roka

Skill      XL: |  1  2  3  4  5  6  7  8  9 10 11 12 13 14 15 16 17 18 19 20 21 22 |
---------------+-------------------------------------------------------------------+-----
Fighting       | 4 5 6 7 8 10 13 15 17 19 21 22 24 25 26 27 | 27.0
Axes           | 4 5 6 8 9 13 15 16 17 18 19 20 21 22 23 24 26 | 26.6
Armour         | 4 5 7 9 11 12 14 16 17 18 20 21 22 23 24 25 26 | 26.6
Dodging        | 3 4 5 6 7 |  7.9
Stealth        | 1 2 3 |  3.3
Evocations     | 1 2 |  2.1
Long Blades    | 1 |  1.3
Shields        | 4 8 11 14 17 19 | 19.5

Action                   |  1- 3 |  4- 6 |  7- 9 | 10-12 | 13-15 | 16-18 | 19-21 | 22-24 || total
-------------------------+-------+-------+-------+-------+-------+-------+-------+-------++-------
Melee: Hand axe          |    74 |    99 |   213 |       |       |       |       |       ||   386
       Headbutt          |    13 |    22 |    76 |    82 |   261 |   331 |   472 |   118 ||  1375
       Battleaxe         |       |       |    61 |    22 |       |       |       |       ||    83
       War axe           |       |       |       |   459 |   900 |  1110 |  1606 |   398 ||  4473
       Scimitar          |       |       |       |     3 |     8 |       |       |       ||    11
Invok: Berserk           |     1 |     3 |     9 |    11 |    19 |    18 |    13 |     3 ||    77
       Brothers in Arms  |       |       |       |     2 |     6 |     8 |     3 |     2 ||    21
       Trog's Hand       |       |       |       |       |     3 |     6 |       |     2 ||    11
Evoke: Wand              |       |       |       |     6 |     4 |     2 |       |     2 ||    14
       Tin of tremorston |       |       |       |       |     2 |     2 |       |       ||     4
  Use: Scroll            |       |       |    10 |    13 |     9 |     2 |       |     2 ||    36
       Potion            |       |       |       |       |     1 |     5 |     3 |     2 ||    11
 Stab: Distracted        |       |       |       |       |       |     2 |     1 |       ||     3
       Held in net/web   |       |       |       |       |       |       |     1 |       ||     1
Armor: Scale mail        |    43 |    50 |    15 |       |       |       |       |       ||   108
       Chain mail        |       |       |   146 |   185 |       |       |       |       ||   331
       Plate armour      |       |       |       |    61 |   739 |   636 |   104 |   101 ||  1641
       Storm dragon scal |       |       |       |       |       |   144 |   723 |       ||   867
Dodge: Dodged            |    42 |    51 |   145 |   193 |   476 |   355 |   531 |   126 ||  1919
Block: Kite shield       |       |       |       |       |       |   418 |  1285 |   237 ||  1940
       Reflection        |       |       |       |       |       |    26 |    80 |    11 ||   117

Table legend: (Time is in decaauts)
 A = Elapsed time spent in this place.
 B = Non-inter-level travel time spent in this place.
 C = Inter-level travel time spent in this place.
 D = Time resting spent in this place.
 E = Time spent auto-exploring this place.
 F = Levels seen in this place.
 G = Mean time per level.
                   A        B        C        D        E       F      G
               +--------+--------+--------+--------+--------+-----+--------+
         Total |  58831 |  54766 |   4065 |   9096 |  36543 |  42 | 1400.7 |
       Dungeon |  18417 |  16650 |   1767 |   1387 |  12911 |  15 | 1227.8 |
          Lair |   8115 |   7252 |    863 |   1040 |   5140 |   6 | 1352.5 |
         Swamp |   3324 |   3131 |    193 |    450 |   1993 |   4 |  831.0 |
   Spider Nest |   4968 |   4801 |    167 |    848 |   3096 |   4 | 1242.0 |
  Orcish Mines |   2380 |   2259 |    121 |    912 |   1005 |   2 | 1190.0 |
   Elven Halls |   8327 |   7741 |    586 |   2722 |   3695 |   3 | 2775.7 |
        Vaults |  11639 |  11275 |    364 |   1480 |   7954 |   5 | 2327.8 |
        Depths |    317 |    317 |      0 |      4 |    162 |   1 |  317.0 |
         Abyss |    514 |    514 |      0 |    122 |    242 |   1 |  514.0 |
      Gauntlet |    826 |    826 |      0 |    129 |    343 |   1 |  826.0 |
               +--------+--------+--------+--------+--------+-----+--------+

Top non-repeatable levels by time:
   Elf:3: 3460 daAuts
   Elf:2: 3380 daAuts
Vaults:1: 2803 daAuts
Vaults:2: 2671 daAuts
Vaults:4: 2585 daAuts
Spider:4: 2203 daAuts
Vaults:5: 2168 daAuts
  Lair:3: 2132 daAuts
     D:4: 1804 daAuts
    D:15: 1771 daAuts
     D:8: 1680 daAuts
   Orc:1: 1586 daAuts
     D:7: 1521 daAuts
   Elf:1: 1486 daAuts
  Lair:2: 1442 daAuts
